 Dungeon Crawl Stone Soup version 0.31.0-4-g52a2dc7128 (webtiles) character file.

Game seed: 4044780591597492217

8 Arctor the Vexing (level 2, 0/16 HPs)
             Began as a Kobold Hexslinger on Jan 21, 2024.
             Slain by a hobgoblin (3 damage)
             ... on level 1 of the Dungeon.
             The game lasted 00:00:13 (345 turns).

Arctor the Vexing (Kobold Hexslinger)                Turns: 345, Time: 00:00:14

Health: 0/16       AC:  2    Str:  5    XL:     2   Next: 15%
Magic:  3/3        EV: 12    Int: 14    God:
Gold:   0          SH:  0    Dex: 17    Spells: 3/3 levels left

rFire   . . .        a - +1 sling
rCold   . . .        (no shield)
rNeg    . . .        c - +0 robe
rPois   .            (no helmet)
rElec   .            (no cloak)
rCorr   .            (no gloves)
SInv    .            (no boots)
Will    .....        (no amulet)
Stlth   +++          (no ring)
HPRegen 0.22/turn    (no ring)
MPRegen 0.08/turn

%: no passive effects
@: constricted
A: small, no large weapons, nightstalker 3
a: no special abilities


You were on level 1 of the Dungeon.
You visited 1 branch of the dungeon, and saw 1 of its levels.

Inventory:

Hand Weapons
 a - a +1 sling (weapon)
Armour
 c - a +0 robe (worn)
Jewellery
 d - a +6 ring of dexterity
Scrolls
 b - a scroll of poison
 e - 2 scrolls of immolation {unknown}
 f - a scroll of identify {unknown}


   Skills:
 + Level 1.3 Fighting
 + Level 2.9 Ranged Weapons
 + Level 2.6 Dodging
 + Level 1.2 Spellcasting
 + Level 3.1 Hexes
 + Level 1.1 Fire Magic


You had 3 spell levels left.
You didn't know any spells.
Your spell library contained the following spells:

 Spells                   Type           Power      Damage    Failure   Level
 Jinxbite                 Hex            18%        N/A       11%         2
 Sigil of Binding         Hex            9%         N/A       22%         3
 Inner Flame              Hex/Fire       6%         N/A       32%         3
 Cause Fear               Hex            4%         N/A       56%         4
 Dimensional Bullseye     Hex/Tloc       2%         N/A       80%         4


Dungeon Overview and Level Annotations

Branches:
Dungeon (1/15)

Altars:


Innate Abilities, Weirdness & Mutations

You are small and have problems with some larger weapons.
You are completely attuned to the shadows.


Message History

The ball python bites you. The ball python grabs you.
The ball python constricts you.
You shoot a sling bullet.
The sling bullet barely misses the ball python.
The hobgoblin hits you but does no damage.
The ball python bites you but does no damage.
The ball python constricts you.
You shoot a sling bullet. The sling bullet hits the ball python.
The ball python is severely wounded.
The ball python misses you. The ball python constricts you.
The hobgoblin hits you.
You are too injured to fight recklessly!
You are too injured to fight recklessly!
You are too injured to fight recklessly!
Unknown command.
You shoot a sling bullet.
The sling bullet barely misses the ball python.
The ball python barely misses you. The ball python constricts you.
The hobgoblin hits you. The ball python closely misses you.
The ball python constricts you. The hobgoblin misses you.
You escape the ball python's grasp.
The hobgoblin attacks as it pursues you!
The hobgoblin completely misses you.
The hobgoblin attacks as it pursues you!
The hobgoblin barely misses you.
You shoot a sling bullet.
The sling bullet closely misses the ball python.
The ball python barely misses you. The ball python grabs you.
The ball python constricts you.
You shoot a sling bullet.
The sling bullet closely misses the ball python.
The ball python bites you.
* * * LOW HITPOINT WARNING * * *
The ball python constricts you. The ball python barely misses you.
The ball python constricts you.
You shoot a sling bullet.
The sling bullet closely misses the ball python.
The ball python closely misses you. The ball python constricts you.
The hobgoblin hits you.
You die...

................................
.########.......######.....#####
.# #.......#...##.......#
#########.#######...##.......#
†............................#
#.#.###.....#####...#.###....#
#.#.# #.....# #...#.# ######
#.#.# #.....#####...#†## #.#.#
#.....#...@####... #...#
#.....#.#.gS....# ###.#
#.....#.#........(
#.#######.#...........
#.(.....#.#####.......
#.......#.............
###.......#.......####
#.†.......#.......#
#.........#.......#


You could see a hobgoblin and a ball python.

Vanquished Creatures
  An endoplasm (D:1)
  A giant cockroach (D:1)
  A goblin (D:1)
  2 hobgoblins (D:1)
  A frilled lizard (D:1)
  A rat (D:1)
7 creatures vanquished.

Notes
Turn   | Place    | Note
-------+----------+-------------------------------------------
     0 | D:1      | Arctor the Kobold Hexslinger began the quest for the Orb.
     0 | D:1      | Reached XP level 1. HP: 12/12 MP: 2/2
   245 | D:1      | Reached XP level 2. HP: 11/16 MP: 3/3
   345 | D:1      | Slain by a hobgoblin

Illustrated notes

Levels and vault maps discovered:
D:1:      elethiomel_arrival_infinity_welcomes_careful_drivers, layout_basic

Action                     || total
---------------------------++-------
   Fire: Sling             ||    31
 Armour: Robe              ||    13
  Dodge: Dodged            ||    18
